AoeStats
← grandma.

Nomad

504955898Analyzed
3v3 RM · 23d ago on Sep 7, 2026· 18m 23s· 6 players
Game mode
Random Map
Map size
210×210
Population
200
Speed
Normal
Resources
Standard
Victory
Conquest
Starting age
Dark Age
Ending age
Imperial Age
RankedLock teamsTeams togetherTeam positionsShared explorationLock speedFull tech treeHidden civsTurbo modeCheats
Victory
Defeat
🇦🇺 Huns · Australia
929
+8
🇦🇺 Persians · Australia
800
+12
🇳🇿 Sicilians · New Zealand
709
+16
🇵🇷 Turks · Puerto Rico
750
-13
🇺🇸 Persians · United States
743
-28
🇺🇸 Teutons · United States
659
-10
DietColarrrr
5:30 Loom
16:29 Feudal Age
Twixxo
4:20 Loom
8:51 Loom
16:28 Feudal Age
18:05 Wheelbarrow
danielrojaslaw
5:56 Loom
19:16 Feudal Age
GayBastard
14:50 Feudal Age
16:11 Double-Bit Axe
17:04 Wheelbarrow
16:59 Bloodlines
17:04 Fishing Lines
grandma.
5:39 Loom
Lord Humungus
3:41 Loom
18:38 Feudal Age
Connection lost

Rejoining the realm…

Still unreachable

The connection could not be restored.

Session expired

The server has moved on; the page needs a fresh start.